 Dungeon Crawl Stone Soup version 0.21.1-1-g345015fe64 (webtiles) character file.

224 Kohma the Sneak (level 6, -4/30 HPs)
             Began as a Vine Stalker Enchanter on July 8, 2018.
             Killed from afar by an orc wizard (9 damage)
             ... with a puff of flame
             ... on level 3 of the Dungeon.
             The game lasted 00:10:25 (3511 turns).

Kohma the Sneak (Vine Stalker Enchanter)            Turns: 3511, Time: 00:10:25

Health: -4/30      AC:  6    Str: 13    XL:     6   Next: 0%
Magic:  0/10       EV: 11    Int: 15    God:
Gold:   130        SH:  0    Dex: 14    Spells: 6/9 levels left

rFire    . . .     SeeInvis .   a - +1 dagger
rCold    . . .     Gourm    .   (no shield)
rNeg     . . .     Faith    .   k - +0 ring mail
rPois    .         Spirit   +   (no helmet)
rElec    .         Reflect  .   (no cloak)
rCorr    .         Harm     .   q - +0 pair of gloves (curse)
MR       .....                  (no boots)
Stlth    ++........             (no amulet)
HPRegen  0.50/turn              (no ring)
MPRegen  0.12/turn              (no ring)

@: no status effects
A: fangs 2, regeneration 1, magic shield, antimagic bite, no potion heal 3, rot
immunity
a: no special abilities


You were on level 3 of the Dungeon.
You were not hungry.

You visited 1 branch of the dungeon, and saw 3 of its levels.

You collected 130 gold pieces.

Inventory:

Hand Weapons
 a - a +1 dagger (weapon)
Missiles
 e - 56 stones (quivered)
Armour
 k - a +0 ring mail (worn)
 q - a cursed +0 pair of gloves (worn)
Scrolls
 h - 3 scrolls of identify {unknown}
 i - a scroll of amnesia {unknown}
 m - a scroll of immolation {unknown}
 n - a scroll of remove curse {unknown}
 o - a scroll of noise {unknown}
 p - a scroll of fog {unknown}
 r - 2 scrolls of enchant weapon {unknown}
Potions
 b - a potion of might {unknown}
 f - a potion of degeneration {unknown}
 g - a potion of lignification {unknown}
 j - a potion of agility {unknown}
 l - a potion of heal wounds {unknown}
 s - 2 potions of mutation {unknown}
 u - a potion of curing {unknown}
Books
 c - a book of Maledictions

   Spells                             Type                      Level
   a - Corona                         Hexes                        1
   b - Ensorcelled Hibernation        Hexes/Ice                    2
   c - Confuse                        Hexes                        3
   d - Tukima's Dance                 Hexes                        3
   e - Dazzling Spray                 Conjuration/Hexes            3
Comestibles
 d - 6 rations


   Skills:
 + Level 1.5 Fighting
 * Level 2.7 Short Blades
 - Level 1.5 Dodging
 + Level 4.6 Stealth
 - Level 2.1 Spellcasting
 * Level 4.3 Hexes
 + Level 1.5 Ice Magic


You had 6 spell levels left.
You knew the following spells:

 Your Spells              Type           Power        Failure   Level  Hunger
a - Corona                Hex            ##.....      9%          1    #......
b - Ensorcelled Hibernat  Hex/Ice        ##....       22%         2    ###....


Dungeon Overview and Level Annotations

Branches:
Dungeon (3/15)

Altars:
Vehumet


Innate Abilities, Weirdness & Mutations

You have extremely sharp teeth.
Your natural rate of healing is unusually fast.
When hurt, damage is shared between your health and your magic reserves.
Your bite disrupts and absorbs the magic of your enemies.
Potions cannot restore your health.
You are immune to rotting.


Message History

Confirm with . or Enter, or press ? or * to list all spells.
You don't have enough magic to cast that spell.
You hit the orc wizard but do no damage.
The orc wizard is heavily wounded.
The orc wizard barely misses you.
Okay, then.
Okay, then.
You hit the orc wizard. You bite the orc wizard.
The orc wizard's magic leaks into the air.
You drain its magic.
You feel invigorated.
The orc wizard is severely wounded.
The orc wizard hits you but does no damage. x2
You barely miss the orc wizard.
The orc wizard is severely wounded.
The orc wizard closely misses you.
You barely miss the orc wizard.
The orc wizard is severely wounded.
The orc wizard gestures at you while chanting.
The puff of flame hits you!
You die...

.P.........##.......#
♣P....#.#..##.......#
..P........##.......####
.(.....................#
.......................#
..........<##.......####
...........##.......#
.##....[........o)<.#
>##........#....@..##
##.................#
##.#........###....#
.#.###...#####.P...#♣♣♣♣♣
.#.........##.PPPP..♣...♣##
....###.##...PP♣♣♣........#
.##..##.####.P♣♣♣P.#♣PP.♣.#
.###.......#.♣.♣♣♣P#♣♣♣♣♣.#
###..........♣.♣♣P.# #....#


You could see an orc wizard.

Vanquished Creatures
  A jelly (D:2)
  Jessica (D:3)
  An orc wizard (D:3)
  3 adders
  8 oozes
  4 worms
  2 leopard geckos
  An orc (D:2)
  2 giant cockroaches
  10 goblins
  4 hobgoblins
  7 jackals
  A ball python (D:3)
  8 bats
  11 kobolds
  10 rats
74 creatures vanquished.

Vanquished Creatures (others)
  A fungus (D:2)
  9 toadstools (D:2)
10 creatures vanquished.

Grand Total: 84 creatures vanquished

Notes
Turn   | Place    | Note
-------+----------+-------------------------------------------
     0 | D:1      | Kohma the Vine Stalker Enchanter began the quest for the Orb.
     0 | D:1      | Reached XP level 1. HP: 9/9 MP: 4/4
    22 | D:1      | Reached skill level 1 in Short Blades
    33 | D:1      | Reached XP level 2. HP: 4/13 MP: 1/6
   366 | D:1      | Learned a level 2 spell: Ensorcelled Hibernation
   932 | D:1      | Reached XP level 3. HP: 17/17 MP: 5/7
  2181 | D:2      | Found a radiant altar of Vehumet.
  2280 | D:2      | Gained mutation: Your natural rate of healing is unusually fast. [Vine Stalker growth]
  2280 | D:2      | Reached XP level 4. HP: 11/21 MP: 0/8
  2739 | D:2      | Reached skill level 1 in Fighting
  2739 | D:2      | Reached skill level 1 in Ice Magic
  2760 | D:2      | Reached XP level 5. HP: 15/25 MP: 7/9
  2937 | D:3      | Noticed Jessica
  3112 | D:3      | Killed Jessica
  3498 | D:3      | Reached XP level 6. HP: 17/30 MP: 1/10
  3511 | D:3      | Killed from afar by an orc wizard

Skill      XL: |  1  2  3  4  5 |
---------------+----------------+-----
Short Blades   | 1 2 |  2.7
Stealth        | 4 |  4.6
Fighting       | 1 |  1.5
Ice Magic      | 1 |  1.5
Hexes          | 4 |  4.3
Dodging        | |  1.5
Spellcasting   | |  2.1

Action                   |  1- 3 |  4- 6 || total
-------------------------+-------+-------++-------
Melee: Dagger            |   144 |   103 ||   247
       Bite              |    30 |    21 ||    51
 Cast: Corona            |     5 |     2 ||     7
       Ensorcelled Hiber |    15 |    25 ||    40
 Stab: Sleeping          |     8 |    16 ||    24
  Eat: Chunk             |     6 |     3 ||     9
       Ration            |       |     1 ||     1
Armor: Robe              |     6 |       ||     6
       Ring mail         |    82 |    40 ||   122
Dodge: Dodged            |   133 |    58 ||   191
